Tamiflu vs Influenza (R1)

Created - 26 mars 2015 at 19:17

Goals
1 2 3 T
Tamiflu 0 3 1 4
Influenza 2 1 0 3
Shots
1 2 3 T
Tamiflu 10 16 7 33
Influenza 9 15 13 37

1st period

1. Influenza , Robbie Earl 48 (Ben Smith, Carl Gunnarsson) at 3:13
2. Influenza , Martins Karsums 47 (Jamie McBain, Ryan Carter) at 18:57

Penalties :
Robbie Earl (VJB) for Holding (Minor) at 0:29, T.J Galiardi (VJB) for Tripping (Minor) at 7:13, Carl Gunnarsson (VJB) for Roughing (Minor) at 12:08, Johan Fransson (Det) for Hooking (Minor) at 14:56

2nd period

3. Tamiflu , Greg Mauldin 55 (Alex Picard) at 2:08 (PP)
4. Influenza , Jamie McBain 5 (Martins Karsums) at 2:25
5. Tamiflu , Nathan Oystrick 12 (Adam Henrique, Petr Pohl) at 4:34 (PP)
6. Tamiflu , Nathan Oystrick 13 (Garrett Wilson, Johan Fransson) at 11:18

Penalties :
Martins Karsums (VJB) for Tripping (Minor) at 2:02, Cody Franson (VJB) for Roughing (Minor) at 3:57, Nathan Oystrick (Det) for Slashing (Minor) at 8:14, Martins Karsums (VJB) for Tripping (Minor) at 11:46, Johan Fransson (Det) for Holding (Minor) at 14:11

3rd period

7. Tamiflu , Colin Greening 5 (Jordan Hendry) at 16:57

Penalties :
Robbie Earl (VJB) for Roughing (Minor) at 0:38, Jaime Sifers (VJB) for Tripping (Minor) at 4:44, Jonathan Sigalet (Det) for Goalie Interference (Minor) at 8:30, Alex Picard (Det) for Goalie Interference (Minor) at 18:54

Goalie Stats

Mike McKenna (Det), 34 saves from 37 shots - (0,919), W, 30-20-2, 60:00 minutes
Alex Stalock (VJB), 29 saves from 33 shots - (0,879), L, 27-25-2, 58:51 minutes

Players Stats for Tamiflu

Player Name              G  A  P  +/- PIM S  H  SB GA TA FO     MP     PP MP  PK MP  
------------------------------------------------------------------------------------
Adam Henrique            0  1  1   0  0   1  1  0  1  1  4/7    14:43   5:30   0:00 
Alex Picard              0  1  1  -1  2   9  1  2  2  0  8/11   23:13   7:07   4:38 
Ben Hanowski             0  0  0   0  0   0  0  0  0  0  0/0     0:00   0:00   0:00 
Carson Mcmillan          0  0  0  -1  0   0  2  3  0  0  1/3    22:03   7:07   2:21 
Casey Wellman            0  0  0  -2  0   1  1  0  0  0  4/9    11:18   0:00   1:40 
Cody Goloubef            0  0  0  -1  0   1  1  1  0  1  0/0    12:53   0:00   4:00 
Colin Greening           1  0  1   2  0   1  1  0  0  0  3/4     7:35   0:00   0:39 
Garrett Wilson           0  1  1   2  0   0  0  0  0  0  0/0     8:10   0:00   1:09 
Greg Mauldin             1  0  1  -1  0   3  6  0  1  0  20/37  23:36   7:01   5:14 
Jan Mursak               0  0  0   0  0   1  1  0  0  0  0/0    14:43   5:30   0:00 
Johan Fransson           0  1  1   0  4   3  0  2  3  0  0/0    21:00   5:06   2:15 
Jonathan Sigalet         0  0  0   0  2   1  3  0  3  0  0/0    29:15   7:31   4:09 
Jordan Hendry            0  1  1   0  0   2  0  0  0  1  0/0    22:01   5:06   4:12 
Justin Braun             0  0  0  -1  0   0  1  1  0  0  0/0     7:33   0:00   0:00 
Mattias Tedenby          0  0  0   2  0   1  0  0  0  0  0/0     6:56   0:00   0:00 
Mike Duco                0  0  0  -2  0   1  1  1  1  0  0/0    10:36   0:06   0:00 
Nathan Oystrick          2  0  2   0  2   6  3  0  1  1  0/0    28:25   7:31   3:26 
Petr Pohl                0  1  1   0  0   1  2  1  2  0  0/0    17:21   5:30   2:21 
Philippe Dupuis          0  0  0   0  0   0  0  0  0  0  0/0     0:00   0:00   0:00 
Rich Clune               0  0  0  -2  0   1  0  0  0  0  0/0     9:33   0:00   0:00 

Players Stats for Influenza

Player Name              G  A  P  +/- PIM S  H  SB GA TA FO     MP     PP MP  PK MP  
------------------------------------------------------------------------------------
Adam Berti               0  0  0   0  0   1  2  1  0  0  0/0     8:23   0:00   1:50 
Andreas Engqvist         0  0  0   0  0   1  2  0  0  0  0/3     6:21   0:00   0:00 
Ben Smith                0  1  1   1  0   2  2  1  0  2  0/2    13:14   3:46   0:00 
Carl Gunnarsson          0  1  1   0  2   0  0  0  0  1  0/0    12:01   0:00   1:25 
Cody Franson             0  0  0   1  2   2  2  1  1  1  0/0    28:32   5:20   7:03 
Cody McCormick           0  0  0   1  0   0  2  0  0  0  2/10   14:37   3:46   1:36 
Corey Tropp              0  0  0   0  0   0  0  0  0  1  0/0     6:42   0:10   0:00 
Jaime Sifers             0  0  0   0  2   0  3  1  2  0  0/0    19:54   3:41   4:09 
Jamie McBain             1  1  2   1  0   7  0  3  0  1  0/0    28:33   5:20   7:34 
Jeremy Morin             0  0  0  -1  0   2  1  0  0  0  0/0     9:44   0:10   0:00 
Martins Karsums          1  1  2   1  4   3  1  1  0  1  0/3    20:41   5:05   3:08 
Mathieu Carle            0  0  0   0  0   2  0  3  0  3  0/0    20:59   3:41   5:03 
Matt Corrente            0  0  0   0  0   0  1  1  0  0  0/0    10:28   0:00   0:00 
Robbie Earl              1  0  1   1  4   5  0  1  0  1  5/10   19:57   5:05   5:00 
Ryan Carter              0  1  1   1  0   4  3  1  0  0  18/31  24:12   4:59   6:47 
Ryan Russell             0  0  0  -1  0   2  2  0  0  0  1/3    13:15   0:00   3:43 
T.J Galiardi             0  0  0   1  2   3  2  0  1  2  2/2    19:30   3:46   3:10 
Zac Dalpe                0  0  0  -1  0   3  1  1  0  1  3/7    10:12   0:16   0:00 

3 Stars

1 - Nathan Oystrick (Det)
2 - Jamie McBain (VJB)
3 - Colin Greening (Det)

Power Play

Tamiflu - 2 on 8 Attempt(s) - 25,00%
Influenza - 0 on 5 Attempt(s) - 0,00%

Penalty Kill

Tamiflu - 5 on 5 Attempt(s) - 100,00% - Score 0 goal in Penalty Kill
Influenza - 6 on 8 Attempt(s) - 75,00% - Score 0 goal in Penalty Kill

Team Stat

Tamiflu - Hits : 24 - Faceoff Wins : 40 - Blocked Shots : 11 - Penalty Minutes : 10
Influenza - Hits : 24 - Faceoff Wins : 31 - Blocked Shots : 15 - Penalty Minutes : 16

Official

Referees : Kozari Steve and Hasenfratz Mike
Linesman : Dan Schachte and Lyle Seitz

Game Notes

No Game Note

Finance

Level 1 -- Attendance: 1324 (66,20%) -- Ticket Income 52 960 $
Level 2 -- Attendance: 764 (76,40%) -- Ticket Income 15 280 $
Total Attendance: 2088 (69,60%)
Total Ticket Income: 68 240 $
Other Income: 3 412 $
Total Income: 71 652 $

Tamiflu

5 vs 5 Forward 
   Center                   Left Wing                Right Wing               Time % Phy DF OF 
 1 Greg Mauldin             Alex Picard              Carson Mcmillan          40     1   2  2  
 2 Adam Henrique            Jan Mursak               Petr Pohl                30     1   2  2  
 3 Casey Wellman            Rich Clune               Mike Duco                20     1   2  2  
 4 Colin Greening           Garrett Wilson           Mattias Tedenby          10     1   2  2  

5 vs 5 Defense 
   Defense                  Defense                                           Time % Phy DF OF 
 1 Jonathan Sigalet         Nathan Oystrick                                   40     1   2  2  
 2 Jordan Hendry            Johan Fransson                                    30     1   2  2  
 3 Justin Braun             Cody Goloubef                                     20     1   2  2  
 4 Jonathan Sigalet         Nathan Oystrick                                   10     1   2  2  

PowerPlay Forward 
   Center                   Left Wing                Right Wing               Time % Phy DF OF 
 1 Greg Mauldin             Alex Picard              Carson Mcmillan          60     1   2  2  
 2 Adam Henrique            Jan Mursak               Petr Pohl                40     1   2  2  

PowerPlay Defense
   Defense                  Defense                                           Time % Phy DF OF 
 1 Jonathan Sigalet         Nathan Oystrick                                   60     1   2  2  
 2 Jordan Hendry            Johan Fransson                                    40     1   2  2  

Penalty Kill 4 Players Forward 
   Center                   Wing                     Time % Phy DF OF 
 1 Alex Picard              Greg Mauldin             60     1   2  2  
 2 Carson Mcmillan          Petr Pohl                40     1   2  2  

Penalty Kill 4 Players Defense
   Defense                  Defense                  Time % Phy DF OF 
 1 Jonathan Sigalet         Nathan Oystrick          60     1   2  2  
 2 Jordan Hendry            Johan Fransson           40     1   2  2  

Penalty Kill - 3 Players Forward 
   Forward                                           Time % Phy DF OF 
 1 Alex Picard                                       60     1   2  2  
 2 Greg Mauldin                                      40     1   2  2  

Penalty Kill - 3 Players Defense
   Defense                  Defense                  Time % Phy DF OF 
 1 Jonathan Sigalet         Nathan Oystrick          60     1   2  2  
 2 Jordan Hendry            Johan Fransson           40     1   2  2  

4 vs 4 Forward 
   Center                   Wing                     Time % Phy DF OF 
 1 Alex Picard              Greg Mauldin             60     1   2  2  
 2 Carson Mcmillan          Petr Pohl                40     1   2  2  

4 vs 4 Defense
   Defense                  Defense                  Time % Phy DF OF 
 1 Jonathan Sigalet         Nathan Oystrick          60     1   2  2  
 2 Jordan Hendry            Johan Fransson           40     1   2  2  

Last Minutes Offensive
   Center                   Left Wing                Right Wing               Defense                  Defense                  
   Greg Mauldin             Alex Picard              Carson Mcmillan          Jonathan Sigalet         Nathan Oystrick          

Last Minutes Defensive
   Center                   Left Wing                Right Wing               Defense                  Defense                  
   Greg Mauldin             Alex Picard              Carson Mcmillan          Jonathan Sigalet         Nathan Oystrick          

Goaltenders
Starting : Mike McKenna             
Backup : Thomas Greiss            

Extra Forwards
Normal : Mike Duco, Mattias Tedenby, Casey Wellman - PP : Mike Duco, Mattias Tedenby - PK : Casey Wellman
Extra Defensemen
Normal : Justin Braun, Cody Goloubef, Jordan Hendry - PP : Justin Braun - PK : Cody Goloubef, Jordan Hendry
Penalty Shots
Alex Picard, Greg Mauldin, Carson Mcmillan, Petr Pohl, Adam Henrique

Influenza

5 vs 5 Forward 
   Center                   Left Wing                Right Wing               Time % Phy DF OF 
 1 Ryan Carter              T.J Galiardi             Martins Karsums          40     1   2  2  
 2 Cody McCormick           Robbie Earl              Ben Smith                30     1   2  2  
 3 Zac Dalpe                Ryan Russell             Jeremy Morin             20     1   2  2  
 4 Andreas Engqvist         Adam Berti               Corey Tropp              10     1   2  2  

5 vs 5 Defense 
   Defense                  Defense                                           Time % Phy DF OF 
 1 Jamie McBain             Cody Franson                                      40     1   2  2  
 2 Mathieu Carle            Jaime Sifers                                      30     1   2  2  
 3 Matt Corrente            Carl Gunnarsson                                   20     1   2  2  
 4 Jamie McBain             Cody Franson                                      10     1   2  2  

PowerPlay Forward 
   Center                   Left Wing                Right Wing               Time % Phy DF OF 
 1 Ryan Carter              Robbie Earl              Martins Karsums          60     1   2  2  
 2 Cody McCormick           T.J Galiardi             Ben Smith                40     1   2  2  

PowerPlay Defense
   Defense                  Defense                                           Time % Phy DF OF 
 1 Jamie McBain             Cody Franson                                      60     1   2  2  
 2 Mathieu Carle            Jaime Sifers                                      40     1   2  2  

Penalty Kill 4 Players Forward 
   Center                   Wing                     Time % Phy DF OF 
 1 Robbie Earl              Ryan Carter              60     1   2  2  
 2 Martins Karsums          T.J Galiardi             40     1   2  2  

Penalty Kill 4 Players Defense
   Defense                  Defense                  Time % Phy DF OF 
 1 Jamie McBain             Cody Franson             60     1   2  2  
 2 Mathieu Carle            Jaime Sifers             40     1   2  2  

Penalty Kill - 3 Players Forward 
   Forward                                           Time % Phy DF OF 
 1 Robbie Earl                                       60     1   2  2  
 2 Ryan Carter                                       40     1   2  2  

Penalty Kill - 3 Players Defense
   Defense                  Defense                  Time % Phy DF OF 
 1 Jamie McBain             Cody Franson             60     1   2  2  
 2 Mathieu Carle            Jaime Sifers             40     1   2  2  

4 vs 4 Forward 
   Center                   Wing                     Time % Phy DF OF 
 1 Robbie Earl              Ryan Carter              60     1   2  2  
 2 Martins Karsums          T.J Galiardi             40     1   2  2  

4 vs 4 Defense
   Defense                  Defense                  Time % Phy DF OF 
 1 Jamie McBain             Cody Franson             60     1   2  2  
 2 Mathieu Carle            Jaime Sifers             40     1   2  2  

Last Minutes Offensive
   Center                   Left Wing                Right Wing               Defense                  Defense                  
   Ryan Carter              Robbie Earl              Martins Karsums          Jamie McBain             Cody Franson             

Last Minutes Defensive
   Center                   Left Wing                Right Wing               Defense                  Defense                  
   Ryan Carter              Robbie Earl              Martins Karsums          Jamie McBain             Cody Franson             

Goaltenders
Starting : Alex Stalock             
Backup : Olivier Roy              

Extra Forwards
Normal : Zac Dalpe, Jeremy Morin, Ryan Russell - PP : Zac Dalpe, Jeremy Morin - PK : Ryan Russell
Extra Defensemen
Normal : Matt Corrente, Carl Gunnarsson, Mathieu Carle - PP : Matt Corrente - PK : Carl Gunnarsson, Mathieu Carle
Penalty Shots
Robbie Earl, Ryan Carter, Martins Karsums, T.J Galiardi, Cody McCormick

% Time on Ice - Tamiflu

Lines # - Real PCT - Wanted PCT - Time Play
Normal Forward
1 - 30% - 40% - 11:34
2 - 27% - 30% - 10:19
3 - 25% - 20% - 9:33
4 - 18% - 10% - 6:56
Normal Defense
1 - 45% - 40% - 17:13
2 - 34% - 30% - 13:13
3 - 20% - 20% - 7:33
4 - 1% - 10% - 0:23
PP Forward
1 - 56% - 60% - 7:07
2 - 44% - 40% - 5:30
PP Defense
1 - 60% - 60% - 7:31
2 - 40% - 40% - 5:06
PK Forward
1 - 74% - 60% - 6:40
2 - 26% - 40% - 2:21
PK Defense
1 - 53% - 60% - 4:45
2 - 47% - 40% - 4:16
PK3 Forward
1 - 0% - 60%
2 - 0% - 40%
PK3 Defense
1 - 0% - 60%
2 - 0% - 40%
44 Forward
1 - 0% - 60%
2 - 0% - 40%
44 Defense
1 - 0% - 60%
2 - 0% - 40%
Last Minute Offensive  - 0:00
Last Minute Defensive  - 0:00
Total
Forward - 60:00
Defense - 60:00

% Time on Ice - Influenza

Lines # - Real PCT - Wanted PCT - Time Play
Normal Forward
1 - 33% - 40% - 12:49
2 - 26% - 30% - 9:49
3 - 24% - 20% - 9:23
4 - 17% - 10% - 6:21
Normal Defense
1 - 41% - 40% - 15:39
2 - 32% - 30% - 12:15
3 - 27% - 20% - 10:28
4 - 0% - 10% - 0:00
PP Forward
1 - 58% - 60% - 5:15
2 - 42% - 40% - 3:46
PP Defense
1 - 59% - 60% - 5:20
2 - 41% - 40% - 3:41
PK Forward
1 - 69% - 60% - 8:43
2 - 31% - 40% - 3:54
PK Defense
1 - 60% - 60% - 7:34
2 - 40% - 40% - 5:03
PK3 Forward
1 - 0% - 60%
2 - 0% - 40%
PK3 Defense
1 - 0% - 60%
2 - 0% - 40%
44 Forward
1 - 0% - 60%
2 - 0% - 40%
44 Defense
1 - 0% - 60%
2 - 0% - 40%
Last Minute Offensive  - 0:00
Last Minute Defensive  - 0:00
Total
Forward - 60:00
Defense - 60:00

Play by Play

1st period


0:01 of 1st period - Greg Mauldin wins face-off versus Ryan Carter in neutral zone.
0:08 of 1st period - Cody Franson is hit by Carson Mcmillan.
0:16 of 1st period - Wrist shot by Martins Karsums.
0:16 of 1st period - Deflect By T.J Galiardi.
0:16 of 1st period - Shot Misses the Net.
0:16 of 1st period - Puck is out of play.
0:17 of 1st period - Adam Henrique wins face-off versus Cody McCormick in Tamiflu zone.
0:29 of 1st period - Minor Penalty to Robbie Earl for Holding.
0:30 of 1st period - Greg Mauldin wins face-off versus Ryan Russell in Influenza zone.
0:30 of 1st period - Slapshot by Alex Picard.
0:30 of 1st period - Stopped by Alex Stalock with a rebound.
2:29 of 1st period - Penalty to Robbie Earl is over, Robbie Earl is back on ice.
2:43 of 1st period - Adam Berti is hit by Nathan Oystrick and loses puck.
2:49 of 1st period - Off-side.
2:50 of 1st period - Casey Wellman wins face-off versus Cody McCormick in neutral zone.
2:57 of 1st period - Icing by Matt Corrente.
2:58 of 1st period - Casey Wellman wins face-off versus Cody McCormick in Influenza zone.
3:01 of 1st period - Snap shot by Mike Duco.
3:01 of 1st period - Shot Misses the Net.
3:11 of 1st period - Backhand shot by Robbie Earl.
3:11 of 1st period - Stopped by Mike McKenna with a rebound.
3:13 of 1st period - Backhand shot by Robbie Earl.
3:13 of 1st period - Goal by Robbie Earl - Tamiflu : 0 - Influenza : 1.
3:14 of 1st period - Carson Mcmillan wins face-off versus Martins Karsums in neutral zone.
3:33 of 1st period - Alex Picard is hit by Ryan Carter and loses puck.
3:48 of 1st period - Jamie McBain is hit by Adam Henrique and loses puck.
5:12 of 1st period - Snap shot by Jan Mursak.
5:12 of 1st period - Stopped by Alex Stalock without a rebound.
5:13 of 1st period - Cody McCormick wins face-off versus Greg Mauldin in Influenza zone.
5:20 of 1st period - Snap shot by Alex Picard.
5:20 of 1st period - Stopped by Alex Stalock with a rebound.
5:22 of 1st period - Wrist shot by Carson Mcmillan.
5:22 of 1st period - Deflect By Alex Picard.
5:22 of 1st period - Stopped by Alex Stalock with a rebound.
5:24 of 1st period - Wrist shot by Greg Mauldin.
5:24 of 1st period - Shot Blocked by Matt Corrente.
6:01 of 1st period - Snap shot by Robbie Earl.
6:01 of 1st period - Stopped by Mike McKenna with a rebound.
6:03 of 1st period - Snap shot by Cody McCormick.
6:03 of 1st period - Deflect By Robbie Earl.
6:03 of 1st period - Shot Misses the Net.
6:03 of 1st period - Puck is out of play.
6:04 of 1st period - Ryan Carter wins face-off versus Adam Henrique in Tamiflu zone.
6:07 of 1st period - Snap shot by Martins Karsums.
6:07 of 1st period - Stopped by Mike McKenna without a rebound.
6:08 of 1st period - Ryan Carter wins face-off versus Carson Mcmillan in Tamiflu zone.
6:17 of 1st period - Ryan Carter is hit by Greg Mauldin.
6:36 of 1st period - Off-side.
6:37 of 1st period - Colin Greening wins face-off versus Ryan Russell in neutral zone.
6:50 of 1st period - Slapshot by Cody Goloubef.
6:50 of 1st period - Stopped by Alex Stalock without a rebound.
6:51 of 1st period - Ryan Carter wins face-off versus Greg Mauldin in Influenza zone.
6:51 of 1st period - Ryan Carter is hit by Greg Mauldin.
6:57 of 1st period - Slapshot by Ryan Carter.
6:57 of 1st period - Stopped by Mike McKenna with a rebound.
7:13 of 1st period - Minor Penalty to T.J Galiardi for Tripping.
7:14 of 1st period - Greg Mauldin wins face-off versus Robbie Earl in Influenza zone.
7:19 of 1st period - Snap shot by Alex Picard.
7:19 of 1st period - Stopped by Alex Stalock without a rebound.
7:20 of 1st period - Greg Mauldin wins face-off versus Robbie Earl in Influenza zone.
7:25 of 1st period - Wrist shot by Alex Picard.
7:25 of 1st period - Stopped by Alex Stalock without a rebound.
7:26 of 1st period - Robbie Earl wins face-off versus Greg Mauldin in Influenza zone.
7:39 of 1st period - Slapshot by Greg Mauldin.
7:39 of 1st period - Shot Blocked by Jamie McBain.
7:51 of 1st period - Jan Mursak is hit by Ryan Russell and loses puck.
8:21 of 1st period - Icing by Greg Mauldin.
8:22 of 1st period - Greg Mauldin wins face-off versus Martins Karsums in Tamiflu zone.
9:13 of 1st period - Penalty to T.J Galiardi is over, T.J Galiardi is back on ice.
10:10 of 1st period - Snap shot by Adam Henrique.
10:10 of 1st period - Shot Misses the Net.
10:12 of 1st period - Wrist shot by Petr Pohl.
10:12 of 1st period - Shot Misses the Net.
10:14 of 1st period - Slapshot by Justin Braun.
10:14 of 1st period - Shot Blocked by Jamie McBain.
10:16 of 1st period - Snap shot by Petr Pohl.
10:16 of 1st period - Shot Misses the Net.
10:26 of 1st period - Casey Wellman is hit by Ben Smith and loses puck.
10:42 of 1st period - Icing by Johan Fransson.
10:43 of 1st period - Greg Mauldin wins face-off versus Andreas Engqvist in Tamiflu zone.
10:43 of 1st period - Greg Mauldin is hit by Adam Berti.
11:09 of 1st period - Petr Pohl is hit by Jaime Sifers and loses puck.
12:08 of 1st period - Minor Penalty to Carl Gunnarsson for Roughing.
12:09 of 1st period - Robbie Earl wins face-off versus Greg Mauldin in Influenza zone.
12:24 of 1st period - Snap shot by Greg Mauldin.
12:24 of 1st period - Shot Misses the Net.
12:34 of 1st period - Wrist shot by Petr Pohl.
12:34 of 1st period - Shot Misses the Net.
12:40 of 1st period - Snap shot by Adam Henrique.
12:40 of 1st period - Stopped by Alex Stalock with a rebound.
14:08 of 1st period - Penalty to Carl Gunnarsson is over, Carl Gunnarsson is back on ice.
14:16 of 1st period - Snap shot by Mattias Tedenby.
14:16 of 1st period - Deflect By Jaime Sifers.
14:16 of 1st period - Stopped by Alex Stalock without a rebound.
14:17 of 1st period - Zac Dalpe wins face-off versus Colin Greening in Influenza zone.
14:17 of 1st period - Zac Dalpe is hit by Colin Greening.
14:31 of 1st period - Ryan Russell is hit by Justin Braun and loses puck.
14:50 of 1st period - Snap shot by Ryan Carter.
14:50 of 1st period - Stopped by Mike McKenna without a rebound.
14:51 of 1st period - Ryan Carter wins face-off versus Greg Mauldin in Tamiflu zone.
14:54 of 1st period - Wrist shot by T.J Galiardi.
14:54 of 1st period - Shot Blocked by Alex Picard.
14:56 of 1st period - Minor Penalty to Johan Fransson for Hooking.
14:57 of 1st period - Alex Picard wins face-off versus Ryan Carter in Tamiflu zone.
15:35 of 1st period - Slapshot by Jamie McBain.
15:35 of 1st period - Shot Misses the Net.
15:37 of 1st period - Slapshot by Jamie McBain.
15:37 of 1st period - Shot Misses the Net.
16:56 of 1st period - Penalty to Johan Fransson is over, Johan Fransson is back on ice.
17:07 of 1st period - Carson Mcmillan is hit by Andreas Engqvist and loses puck.
17:40 of 1st period - Snap shot by Ryan Russell.
17:40 of 1st period - Stopped by Mike McKenna without a rebound.
17:41 of 1st period - Colin Greening wins face-off versus Andreas Engqvist in Tamiflu zone.
17:50 of 1st period - Snap shot by Nathan Oystrick.
17:50 of 1st period - Shot Blocked by Mathieu Carle.
18:17 of 1st period - Wrist shot by Jamie McBain.
18:17 of 1st period - Stopped by Mike McKenna without a rebound.
18:18 of 1st period - Greg Mauldin wins face-off versus Cody McCormick in Tamiflu zone.
18:18 of 1st period - Greg Mauldin is hit by Matt Corrente.
18:45 of 1st period - Slapshot by Nathan Oystrick.
18:45 of 1st period - Stopped by Alex Stalock without a rebound.
18:46 of 1st period - Ryan Carter wins face-off versus Casey Wellman in Influenza zone.
18:57 of 1st period - Snap shot by Martins Karsums.
18:57 of 1st period - Goal by Martins Karsums - Tamiflu : 0 - Influenza : 2.
18:58 of 1st period - Ryan Carter wins face-off versus Greg Mauldin in neutral zone.
Goals for this period are 0 for Tamiflu vs 2 for Influenza.
Shots for this period are 10 for Tamiflu vs 9 for Influenza.

2nd period


0:01 of 2nd period - Ryan Carter wins face-off versus Carson Mcmillan in neutral zone.
0:06 of 2nd period - Jonathan Sigalet is hit by Ryan Carter and loses puck.
0:11 of 2nd period - Snap shot by Jamie McBain.
0:11 of 2nd period - Stopped by Mike McKenna without a rebound.
0:12 of 2nd period - T.J Galiardi wins face-off versus Greg Mauldin in Tamiflu zone.
0:13 of 2nd period - Slapshot by Martins Karsums.
0:13 of 2nd period - Shot Misses the Net.
1:05 of 2nd period - Slapshot by Johan Fransson.
1:05 of 2nd period - Stopped by Alex Stalock with a rebound.
1:09 of 2nd period - Backhand shot by Jordan Hendry.
1:09 of 2nd period - Stopped by Alex Stalock without a rebound.
1:10 of 2nd period - Greg Mauldin wins face-off versus Ryan Carter in Influenza zone.
1:11 of 2nd period - Snap shot by Alex Picard.
1:11 of 2nd period - Stopped by Alex Stalock without a rebound.
1:12 of 2nd period - Greg Mauldin wins face-off versus Ryan Carter in Influenza zone.
1:19 of 2nd period - Snap shot by Alex Picard.
1:19 of 2nd period - Shot Blocked by Mathieu Carle.
1:27 of 2nd period - Snap shot by T.J Galiardi.
1:27 of 2nd period - Deflect By Martins Karsums.
1:27 of 2nd period - Stopped by Mike McKenna with a rebound.
1:39 of 2nd period - Icing by Jaime Sifers.
1:40 of 2nd period - Adam Henrique wins face-off versus Ben Smith in Influenza zone.
1:46 of 2nd period - Off-side.
1:47 of 2nd period - Greg Mauldin wins face-off versus Ryan Carter in neutral zone.
1:54 of 2nd period - Slapshot by Greg Mauldin.
1:54 of 2nd period - Shot Blocked by Martins Karsums.
2:00 of 2nd period - Snap shot by Alex Picard.
2:00 of 2nd period - Shot Misses the Net.
2:02 of 2nd period - Minor Penalty to Martins Karsums for Tripping.
2:03 of 2nd period - Greg Mauldin wins face-off versus Robbie Earl in Influenza zone.
2:06 of 2nd period - Wrist shot by Greg Mauldin.
2:06 of 2nd period - Shot Misses the Net.
2:08 of 2nd period - Snap shot by Greg Mauldin.
2:08 of 2nd period - Goal by Greg Mauldin - Tamiflu : 1 - Influenza : 2.
2:09 of 2nd period - Greg Mauldin wins face-off versus Ryan Carter in neutral zone.
2:12 of 2nd period - Martins Karsums is hit by Greg Mauldin and loses puck.
2:19 of 2nd period - Carson Mcmillan is hit by T.J Galiardi.
2:23 of 2nd period - Snap shot by Martins Karsums.
2:23 of 2nd period - Shot Blocked by Alex Picard.
2:25 of 2nd period - Snap shot by Jamie McBain.
2:25 of 2nd period - Goal by Jamie McBain - Tamiflu : 1 - Influenza : 3.
2:26 of 2nd period - T.J Galiardi wins face-off versus Greg Mauldin in neutral zone.
2:26 of 2nd period - T.J Galiardi is hit by Greg Mauldin.
2:37 of 2nd period - Icing by Alex Picard.
2:38 of 2nd period - Ryan Carter wins face-off versus Greg Mauldin in Tamiflu zone.
2:39 of 2nd period - Slapshot by Jamie McBain.
2:39 of 2nd period - Stopped by Mike McKenna with a rebound.
2:57 of 2nd period - Wrist shot by Alex Picard.
2:57 of 2nd period - Stopped by Alex Stalock with a rebound.
2:59 of 2nd period - Slapshot by Nathan Oystrick.
2:59 of 2nd period - Shot Blocked by Ryan Carter.
3:03 of 2nd period - Snap shot by Alex Picard.
3:03 of 2nd period - Shot Misses the Net.
3:05 of 2nd period - Slapshot by Nathan Oystrick.
3:05 of 2nd period - Stopped by Alex Stalock with a rebound.
3:07 of 2nd period - Slapshot by Nathan Oystrick.
3:07 of 2nd period - Stopped by Alex Stalock without a rebound.
3:08 of 2nd period - Adam Henrique wins face-off versus Cody McCormick in Influenza zone.
3:19 of 2nd period - Wrist shot by Ben Smith.
3:19 of 2nd period - Stopped by Mike McKenna with a rebound.
3:21 of 2nd period - Snap shot by Robbie Earl.
3:21 of 2nd period - Stopped by Mike McKenna with a rebound.
3:23 of 2nd period - Slapshot by Jaime Sifers.
3:23 of 2nd period - Shot Misses the Net.
3:57 of 2nd period - Minor Penalty to Cody Franson for Roughing.
3:58 of 2nd period - Greg Mauldin wins face-off versus Robbie Earl in Influenza zone.
4:12 of 2nd period - Snap shot by Greg Mauldin.
4:12 of 2nd period - Shot Misses the Net.
4:32 of 2nd period - Wrist shot by Adam Henrique.
4:32 of 2nd period - Shot Misses the Net.
4:34 of 2nd period - Wrist shot by Nathan Oystrick.
4:34 of 2nd period - Goal by Nathan Oystrick - Tamiflu : 2 - Influenza : 3.
4:35 of 2nd period - Greg Mauldin wins face-off versus Cody McCormick in neutral zone.
4:46 of 2nd period - Snap shot by Robbie Earl.
4:46 of 2nd period - Shot Misses the Net.
4:48 of 2nd period - Slapshot by Mathieu Carle.
4:48 of 2nd period - Shot Misses the Net.
4:50 of 2nd period - Wrist shot by Ben Smith.
4:50 of 2nd period - Stopped by Mike McKenna with a rebound.
5:21 of 2nd period - Casey Wellman is hit by Cody Franson and loses puck.
5:51 of 2nd period - Carson Mcmillan is hit by Cody McCormick and loses puck.
6:14 of 2nd period - Wrist shot by Andreas Engqvist.
6:14 of 2nd period - Shot Blocked by Johan Fransson.
6:55 of 2nd period - Snap shot by Ryan Russell.
6:55 of 2nd period - Shot Misses the Net.
6:57 of 2nd period - Snap shot by Jamie McBain.
6:57 of 2nd period - Shot Blocked by Johan Fransson.
7:07 of 2nd period - Greg Mauldin is hit by Cody McCormick and loses puck.
7:53 of 2nd period - Wrist shot by T.J Galiardi.
7:53 of 2nd period - Shot Misses the Net.
7:55 of 2nd period - Snap shot by T.J Galiardi.
7:55 of 2nd period - Stopped by Mike McKenna without a rebound.
7:56 of 2nd period - Ryan Carter wins face-off versus Alex Picard in Tamiflu zone.
7:56 of 2nd period - Ryan Carter is hit by Jonathan Sigalet.
8:04 of 2nd period - Wrist shot by Martins Karsums.
8:04 of 2nd period - Shot Misses the Net.
8:06 of 2nd period - Slapshot by Jamie McBain.
8:06 of 2nd period - Shot Blocked by Carson Mcmillan.
8:08 of 2nd period - Slapshot by T.J Galiardi.
8:08 of 2nd period - Shot Blocked by Carson Mcmillan.
8:10 of 2nd period - Slapshot by Jamie McBain.
8:10 of 2nd period - Deflect By Carson Mcmillan.
8:10 of 2nd period - Stopped by Mike McKenna without a rebound.
8:11 of 2nd period - Adam Henrique wins face-off versus Cody McCormick in Tamiflu zone.
8:11 of 2nd period - Jonathan Sigalet is hit by Ben Smith and loses puck.
8:14 of 2nd period - Minor Penalty to Nathan Oystrick for Slashing.
8:15 of 2nd period - Ryan Carter wins face-off versus Alex Picard in Tamiflu zone.
8:20 of 2nd period - Slapshot by Jamie McBain.
8:20 of 2nd period - Deflect By Ryan Carter.
8:20 of 2nd period - Stopped by Mike McKenna without a rebound.
8:21 of 2nd period - Alex Picard wins face-off versus Ryan Carter in Tamiflu zone.
8:34 of 2nd period - Snap shot by Alex Picard.
8:34 of 2nd period - Stopped by Alex Stalock without a rebound.
8:35 of 2nd period - Ryan Carter wins face-off versus Alex Picard in Influenza zone.
8:40 of 2nd period - Wrist shot by Cody Franson.
8:40 of 2nd period - Deflect By Robbie Earl.
8:40 of 2nd period - Stopped by Mike McKenna without a rebound.
8:41 of 2nd period - Alex Picard wins face-off versus Ryan Carter in Tamiflu zone.
8:50 of 2nd period - Wrist shot by Alex Picard.
8:50 of 2nd period - Deflect By Martins Karsums.
8:50 of 2nd period - Stopped by Alex Stalock with a rebound.
8:54 of 2nd period - Snap shot by Greg Mauldin.
8:54 of 2nd period - Stopped by Alex Stalock with a rebound.
8:56 of 2nd period - Wrist shot by Jonathan Sigalet.
8:56 of 2nd period - Stopped by Alex Stalock without a rebound.
8:57 of 2nd period - Alex Picard wins face-off versus Ryan Carter in Influenza zone.
9:37 of 2nd period - Cody Franson is hit by Petr Pohl and loses puck.
10:14 of 2nd period - Penalty to Nathan Oystrick is over, Nathan Oystrick is back on ice.
10:24 of 2nd period - Snap shot by Mathieu Carle.
10:24 of 2nd period - Deflect By Petr Pohl.
10:24 of 2nd period - Stopped by Mike McKenna with a rebound.
10:34 of 2nd period - Nathan Oystrick is hit by Jaime Sifers.
10:47 of 2nd period - Off-side.
10:48 of 2nd period - Colin Greening wins face-off versus Zac Dalpe in neutral zone.
11:08 of 2nd period - Wrist shot by Mattias Tedenby.
11:08 of 2nd period - Shot Blocked by Zac Dalpe.
11:10 of 2nd period - Slapshot by Johan Fransson.
11:10 of 2nd period - Stopped by Alex Stalock with a rebound.
11:14 of 2nd period - Snap shot by Garrett Wilson.
11:14 of 2nd period - Shot Misses the Net.
11:16 of 2nd period - Slapshot by Nathan Oystrick.
11:16 of 2nd period - Stopped by Alex Stalock with a rebound.
11:18 of 2nd period - Slapshot by Nathan Oystrick.
11:18 of 2nd period - Goal by Nathan Oystrick - Tamiflu : 3 - Influenza : 3.
11:19 of 2nd period - Ryan Carter wins face-off versus Greg Mauldin in neutral zone.
11:19 of 2nd period - Ryan Carter is hit by Jonathan Sigalet.
11:46 of 2nd period - Minor Penalty to Martins Karsums for Tripping.
11:47 of 2nd period - Robbie Earl wins face-off versus Greg Mauldin in Influenza zone.
12:37 of 2nd period - Icing by Greg Mauldin.
12:38 of 2nd period - Robbie Earl wins face-off versus Greg Mauldin in Tamiflu zone.
12:59 of 2nd period - Slapshot by Johan Fransson.
12:59 of 2nd period - Stopped by Alex Stalock with a rebound.
13:01 of 2nd period - Slapshot by Jordan Hendry.
13:01 of 2nd period - Shot Blocked by Mathieu Carle.
13:46 of 2nd period - Penalty to Martins Karsums is over, Martins Karsums is back on ice.
13:57 of 2nd period - Wrist shot by Andreas Engqvist.
13:57 of 2nd period - Stopped by Mike McKenna with a rebound.
13:59 of 2nd period - Snap shot by Jaime Sifers.
13:59 of 2nd period - Deflect By Adam Berti.
13:59 of 2nd period - Stopped by Mike McKenna with a rebound.
14:11 of 2nd period - Minor Penalty to Johan Fransson for Holding.
14:12 of 2nd period - Alex Picard wins face-off versus Ryan Carter in Tamiflu zone.
16:11 of 2nd period - Penalty to Johan Fransson is over, Johan Fransson is back on ice.
17:04 of 2nd period - Adam Henrique is hit by Zac Dalpe and loses puck.
17:20 of 2nd period - Mike Duco is hit by Adam Berti.
17:40 of 2nd period - Johan Fransson is hit by Jeremy Morin and loses puck.
18:01 of 2nd period - Adam Berti is hit by Nathan Oystrick and loses puck.
18:33 of 2nd period - Icing by Nathan Oystrick.
18:34 of 2nd period - Greg Mauldin wins face-off versus Ben Smith in Tamiflu zone.
18:39 of 2nd period - Robbie Earl is hit by Alex Picard and loses puck.
19:00 of 2nd period - Carl Gunnarsson is hit by Cody Goloubef and loses puck.
19:19 of 2nd period - Snap shot by Zac Dalpe.
19:19 of 2nd period - Stopped by Mike McKenna with a rebound.
19:51 of 2nd period - Garrett Wilson is hit by Jaime Sifers and loses puck.
Goals for this period are 3 for Tamiflu vs 1 for Influenza.
Shots for this period are 16 for Tamiflu vs 15 for Influenza.

3rd period


0:01 of 3rd period - Ryan Carter wins face-off versus Greg Mauldin in neutral zone.
0:16 of 3rd period - Wrist shot by Ryan Carter.
0:16 of 3rd period - Stopped by Mike McKenna with a rebound.
0:38 of 3rd period - Minor Penalty to Robbie Earl for Roughing.
0:39 of 3rd period - Ryan Russell wins face-off versus Greg Mauldin in Influenza zone.
1:24 of 3rd period - Slapshot by Mathieu Carle.
1:24 of 3rd period - Stopped by Mike McKenna without a rebound.
1:25 of 3rd period - Cody McCormick wins face-off versus Greg Mauldin in Tamiflu zone.
2:15 of 3rd period - Snap shot by Adam Henrique.
2:15 of 3rd period - Shot Blocked by Adam Berti.
2:17 of 3rd period - Slapshot by Jordan Hendry.
2:17 of 3rd period - Shot Misses the Net.
2:33 of 3rd period - Adam Berti is hit by Nathan Oystrick and loses puck.
2:38 of 3rd period - Penalty to Robbie Earl is over, Robbie Earl is back on ice.
3:04 of 3rd period - Snap shot by Martins Karsums.
3:04 of 3rd period - Shot Blocked by Mike Duco.
3:17 of 3rd period - Off-side.
3:18 of 3rd period - Robbie Earl wins face-off versus Adam Henrique in neutral zone.
3:25 of 3rd period - Snap shot by Zac Dalpe.
3:25 of 3rd period - Stopped by Mike McKenna with a rebound.
3:27 of 3rd period - Wrist shot by Jamie McBain.
3:27 of 3rd period - Shot Misses the Net.
3:29 of 3rd period - Snap shot by Robbie Earl.
3:29 of 3rd period - Shot Blocked by Cody Goloubef.
3:31 of 3rd period - Wrist shot by Zac Dalpe.
3:31 of 3rd period - Stopped by Mike McKenna with a rebound.
3:33 of 3rd period - Slapshot by Cody Franson.
3:33 of 3rd period - Stopped by Mike McKenna without a rebound.
3:34 of 3rd period - Greg Mauldin wins face-off versus Ryan Carter in Tamiflu zone.
4:01 of 3rd period - Jan Mursak is hit by Cody Franson and loses puck.
4:22 of 3rd period - Slapshot by Cody Franson.
4:22 of 3rd period - Stopped by Mike McKenna without a rebound.
4:23 of 3rd period - Casey Wellman wins face-off versus Andreas Engqvist in Tamiflu zone.
4:37 of 3rd period - Snap shot by Casey Wellman.
4:37 of 3rd period - Stopped by Alex Stalock without a rebound.
4:38 of 3rd period - Greg Mauldin wins face-off versus Ryan Carter in Influenza zone.
4:44 of 3rd period - Minor Penalty to Jaime Sifers for Tripping.
4:45 of 3rd period - Greg Mauldin wins face-off versus Robbie Earl in Influenza zone.
4:51 of 3rd period - Wrist shot by Greg Mauldin.
4:51 of 3rd period - Shot Blocked by Robbie Earl.
4:53 of 3rd period - Snap shot by Carson Mcmillan.
4:53 of 3rd period - Shot Blocked by Cody Franson.
5:11 of 3rd period - Adam Henrique is hit by Martins Karsums and loses puck.
5:16 of 3rd period - Snap shot by T.J Galiardi.
5:16 of 3rd period - Stopped by Mike McKenna without a rebound.
5:17 of 3rd period - Greg Mauldin wins face-off versus Martins Karsums in Tamiflu zone.
5:44 of 3rd period - Martins Karsums is hit by Petr Pohl and loses puck.
6:44 of 3rd period - Penalty to Jaime Sifers is over, Jaime Sifers is back on ice.
6:57 of 3rd period - Martins Karsums is hit by Jonathan Sigalet and loses puck.
7:14 of 3rd period - Wrist shot by Zac Dalpe.
7:14 of 3rd period - Deflect By Ryan Russell.
7:14 of 3rd period - Shot Blocked by Justin Braun.
7:14 of 3rd period - Puck is out of play.
7:15 of 3rd period - Zac Dalpe wins face-off versus Adam Henrique in Tamiflu zone.
7:22 of 3rd period - Snap shot by Ryan Russell.
7:22 of 3rd period - Stopped by Mike McKenna with a rebound.
7:24 of 3rd period - Backhand shot by Carl Gunnarsson.
7:24 of 3rd period - Shot Misses the Net.
7:40 of 3rd period - Snap shot by Jamie McBain.
7:40 of 3rd period - Stopped by Mike McKenna with a rebound.
7:42 of 3rd period - Snap shot by Jeremy Morin.
7:42 of 3rd period - Stopped by Mike McKenna with a rebound.
7:58 of 3rd period - Wrist shot by Jordan Hendry.
7:58 of 3rd period - Stopped by Alex Stalock with a rebound.
8:05 of 3rd period - Icing by Ryan Russell.
8:06 of 3rd period - Greg Mauldin wins face-off versus Zac Dalpe in Influenza zone.
8:10 of 3rd period - Icing by Jeremy Morin.
8:11 of 3rd period - Alex Picard wins face-off versus Zac Dalpe in Influenza zone.
8:12 of 3rd period - Wrist shot by Greg Mauldin.
8:12 of 3rd period - Stopped by Alex Stalock without a rebound.
8:13 of 3rd period - Ryan Carter wins face-off versus Greg Mauldin in Influenza zone.
8:13 of 3rd period - Ryan Carter is hit by Carson Mcmillan.
8:30 of 3rd period - Minor Penalty to Jonathan Sigalet for Goalie Interference.
8:31 of 3rd period - Alex Picard wins face-off versus Ryan Carter in Tamiflu zone.
8:58 of 3rd period - Alex Picard is hit by T.J Galiardi and loses puck.
9:03 of 3rd period - Snap shot by Ben Smith.
9:03 of 3rd period - Shot Misses the Net.
9:05 of 3rd period - Snap shot by T.J Galiardi.
9:05 of 3rd period - Stopped by Mike McKenna without a rebound.
9:06 of 3rd period - Alex Picard wins face-off versus Cody McCormick in Tamiflu zone.
10:30 of 3rd period - Penalty to Jonathan Sigalet is over, Jonathan Sigalet is back on ice.
10:45 of 3rd period - Jan Mursak is hit by Ryan Russell and loses puck.
11:04 of 3rd period - Adam Berti is hit by Casey Wellman and loses puck.
11:44 of 3rd period - Wrist shot by Mike Duco.
11:44 of 3rd period - Shot Blocked by Ben Smith.
12:00 of 3rd period - Slapshot by Jamie McBain.
12:00 of 3rd period - Shot Misses the Net.
12:02 of 3rd period - Wrist shot by Cody McCormick.
12:02 of 3rd period - Shot Hit the Post.
13:33 of 3rd period - Alex Picard is hit by Andreas Engqvist.
13:47 of 3rd period - Johan Fransson is hit by Ryan Carter and loses puck.
14:04 of 3rd period - Snap shot by Adam Henrique.
14:04 of 3rd period - Shot Misses the Net.
14:06 of 3rd period - Snap shot by Petr Pohl.
14:06 of 3rd period - Stopped by Alex Stalock without a rebound.
14:07 of 3rd period - Ryan Carter wins face-off versus Casey Wellman in Influenza zone.
14:39 of 3rd period - Slapshot by Mathieu Carle.
14:39 of 3rd period - Shot Blocked by Petr Pohl.
14:41 of 3rd period - Wrist shot by Jeremy Morin.
14:41 of 3rd period - Stopped by Mike McKenna with a rebound.
14:43 of 3rd period - Slapshot by Jaime Sifers.
14:43 of 3rd period - Deflect By Zac Dalpe.
14:43 of 3rd period - Shot Misses the Net.
14:43 of 3rd period - Puck is out of play.
14:44 of 3rd period - Ryan Carter wins face-off versus Greg Mauldin in Tamiflu zone.
14:56 of 3rd period - Ryan Carter is hit by Greg Mauldin and loses puck.
15:11 of 3rd period - Snap shot by Cody Goloubef.
15:11 of 3rd period - Shot Misses the Net.
15:13 of 3rd period - Wrist shot by Mike Duco.
15:13 of 3rd period - Stopped by Alex Stalock with a rebound.
15:15 of 3rd period - Slapshot by Mike Duco.
15:15 of 3rd period - Shot Blocked by Jamie McBain.
15:17 of 3rd period - Wrist shot by Mike Duco.
15:17 of 3rd period - Shot Misses the Net.
15:19 of 3rd period - Slapshot by Rich Clune.
15:19 of 3rd period - Stopped by Alex Stalock with a rebound.
16:01 of 3rd period - Adam Berti is hit by Jan Mursak.
16:17 of 3rd period - Slapshot by Cody Franson.
16:17 of 3rd period - Shot Blocked by Carson Mcmillan.
16:23 of 3rd period - Martins Karsums is hit by Greg Mauldin.
16:57 of 3rd period - Snap shot by Colin Greening.
16:57 of 3rd period - Goal by Colin Greening - Tamiflu : 4 - Influenza : 3.
16:58 of 3rd period - Zac Dalpe wins face-off versus Casey Wellman in neutral zone.
17:00 of 3rd period - Off-side.
17:01 of 3rd period - Casey Wellman wins face-off versus Zac Dalpe in neutral zone.
18:30 of 3rd period - Mathieu Carle is hit by Mike Duco and loses puck.
18:37 of 3rd period - Slapshot by Mike Duco.
18:37 of 3rd period - Shot Blocked by Jaime Sifers.
18:51 of 3rd period - Influenza, Alex Stalock is pulled from the net.
18:54 of 3rd period - Minor Penalty to Alex Picard for Goalie Interference.
18:55 of 3rd period - Ryan Carter wins face-off versus Casey Wellman in Tamiflu zone.
18:55 of 3rd period - Slapshot by Jamie McBain.
18:55 of 3rd period - Stopped by Mike McKenna without a rebound.
18:56 of 3rd period - Craig Hartsburg call a timeout for Influenza.
18:56 of 3rd period - Ryan Carter wins face-off versus Casey Wellman in Tamiflu zone.
Goals for this period are 1 for Tamiflu vs 0 for Influenza.
Shots for this period are 7 for Tamiflu vs 13 for Influenza.


Output by the SimonT Hockey Simulator (STHS) for François Prévost -- Original Page W3C XHTML 1.0 Valid
Hockey Simulator - Hockey Simulation - Hockey Manager